 Dungeon Crawl Stone Soup version 0.30-a0-777-ga9a30cbeda (webtiles) character file.

Game seed: 5648645471841259468

7061 retardedninja the Fighter (level 10, -10/123 HPs)
             Began as a Demonspawn Gladiator on Feb 10, 2023.
             Was a Believer of Dithmenos.
             Mangled by a death yak (13 damage)
             ... on level 9 of the Dungeon on Feb 13, 2023.
             The game lasted 00:15:41 (11607 turns).

retardedninja the Fighter (Demonspawn Gladiator)   Turns: 11607, Time: 00:15:42

Health: -10/123    AC: 25    Str: 18    XL:     10   Next: 83%
Magic:  0/10       EV:  2    Int: 10    God:    Dithmenos [**....]
Gold:   681        SH:  0    Dex: 15    Spells: 9/9 levels left

rFire   . . .      SeeInvis .    z - +1 flail (venom)
rCold   . . .      Faith    .    (no shield)
rNeg    . . .      Spirit   +    (body armour currently unavailable)
rPois   +          Reflect  .    (helmet currently unavailable)
rElec   .          Harm     .    (cloak currently unavailable)
rCorr   .          Rampage  .    (gloves currently unavailable)
Will    .....      NoTele   +    (boots currently unavailable)
Stlth   ++                       j - amulet of guardian spirit
HPRegen 0.40/turn                (no ring)
MPRegen 0.12/turn                (no ring)

@: tree-form, wreathed by umbra
A: stationary, stasis, torment immunity, boosted hp, (claws 1), (horns 2),
(spiny 1), (weakness stinger 2)
a: Renounce Religion, Shadow Step


You were on level 9 of the Dungeon.
You worshipped Dithmenos.
Dithmenos was pleased with you.
You were a tree.
You visited 2 branches of the dungeon, and saw 11 of its levels.
You also visited: Sewer.

You collected 681 gold pieces.

Inventory:

Hand Weapons
 z - a +1 flail of venom (weapon)
Missiles
 e - a javelin (quivered)
 h - a throwing net
Armour
 p - a +2 plate armour (melded)
Jewellery
 d - an amulet of magic regeneration
 j - an amulet of guardian spirit (around neck)
 q - a ring of poison resistance
Wands
 c - a wand of roots (18)
 B - a wand of digging (6)
Scrolls
 b - 2 scrolls of identify
 k - 4 scrolls of poison
 m - 2 scrolls of magic mapping
 n - a scroll of amnesia
 o - 6 scrolls of teleportation
 s - a scroll of enchant weapon {unknown}
 u - a scroll of fog {unknown}
 x - a scroll of fear {unknown}
 y - a scroll of brand weapon {unknown}
 C - a scroll of vulnerability
Potions
 a - a potion of lignification
 f - a potion of magic
 r - a potion of mutation
 t - 2 potions of brilliance
 v - 2 potions of resistance
 w - 2 potions of cancellation


   Skills:
 + Level 8.6 Fighting
 + Level 8.2 Maces & Flails
 + Level 7.9 Throwing
 + Level 8.2 Dodging


You had 9 spell levels left.
You didn't know any spells.
Your spell library contained the following spells:

 Spells                   Type           Power      Damage    Failure   Level
 Foxfire                  Conj/Fire      0%         2x1d4     36%         1
 Magic Dart               Conj           0%         1d3       36%         1
 Slow                     Hex            0%         N/A       36%         1
 Call Imp                 Summ           0%         N/A       50%         2
 Cigotuvi's Dreadful Rot  Necr/Pois/Air  0%         N/A       50%         2
 Ensorcelled Hibernation  Hex/Ice        0%         N/A       50%         2
 Passwall                 Tmut/Erth      0%         N/A       50%         2
 Sublimation of Blood     Necr           0%         N/A       50%         2
 Wereblood                Tmut           0%         N/A       50%         2
 Call Canine Familiar     Summ           0%         N/A       75%         3
 Confusing Touch          Hex            0%         N/A       75%         3
 Ignite Poison            Fire/Tmut/Pois 0%         N/A       75%         3
 Inner Flame              Hex/Fire       0%         N/A       75%         3
 Kindle Blastsparks       Fire/Tloc/Air  0%         2d10      75%         3
 Mephitic Cloud           Conj/Pois/Air  0%         N/A       75%         3
 Portal Projectile        Hex/Tloc       0%         N/A       75%         3
 Swiftness                Air            0%         N/A       75%         3
 Vampiric Draining        Necr           0%         2d6       75%         3
 Dispel Undead            Necr           0%         3d6       98%         4
 Flame Wave               Conj/Fire      0%         2d4       98%         4
 Leda's Liquefaction      Hex/Erth       0%         N/A       98%         4
 Petrify                  Tmut/Erth      0%         N/A       98%         4
 Sticky Flame             Conj/Fire      0%         2d3       98%         4
 Alistair's Intoxication  Tmut/Pois      0%         N/A       100%        5
 Borgnjor's Vile Clutch   Necr/Erth      0%         N/A       100%        5
 Fireball                 Conj/Fire      0%         3d3       100%        5
 Freezing Cloud           Conj/Ice/Air   0%         6-21      100%        5
 Irradiate                Conj/Tmut      0%         3d11      100%        5
 Iskenderun's Battlesphe  Conj           0%         2d6       100%        5
 Lee's Rapid Deconstruct  Erth           0%         3d4*      100%        5
 Conjure Ball Lightning   Conj/Air       0%         3x3d6     100%        6
 Death Channel            Necr           0%         N/A       100%        6
 Eringya's Noxious Bog    Tmut/Pois      0%         N/A       100%        6
 Starburst                Conj/Fire      0%         6d3       100%        6
 Statue Form              Tmut/Erth      0%         N/A       100%        6
 Orb of Destruction       Conj           0%         9d5       100%        7
 Summon Hydra             Summ           0%         N/A       100%        7


Dungeon Overview and Level Annotations

Branches:
Dungeon (10/15)            Temple (1/1) D:6           Sewer (visited)
   Lair: D:8-11         Orc: D:9-12

Altars:
Ashenzari
Cheibriados
Dithmenos
Fedhas
Gozag
Hepliaklqana
Kikubaaqudgha
Makhleb
Nemelex Xobeh
Okawaru
Qazlal
Ru
Sif Muna
Trog
Uskayaw
Vehumet
Wu Jian
Xom
Yredelemnul


Innate Abilities, Weirdness & Mutations

You are a tree.
Your roots penetrate the ground, keeping you stationary.
You cannot be teleported.
You are immune to unholy pain and torment.
Your maximum health is greatly increased.
Your equipment is partially melded.
((You have sharp fingernails.))
((You have a pair of horns on your head.))
((You are partially covered in sharp spines.))
((You have a tail ending in a sharp stinger.))


Message History

The death yak is moderately wounded.
The death yak gores you but does no damage.
The death yak gores you!!
* * * LOW HITPOINT WARNING * * *
You swing at nothing.
The death yak gores you but does no damage.
The death yak gores you!!
* * * LOW HITPOINT WARNING * * *
You nearly hit yourself!
The death yak gores you but does no damage.
The death yak gores you.
* * * LOW HITPOINT WARNING * * *
You hit the death yak but do no damage.
The death yak looks as sick as possible!
The death yak is moderately wounded.
You feel less invigorated.
You feel less confused. The death yak gores you!
* * * LOW HITPOINT WARNING * * *
The death yak gores you but does no damage.
You hit the death yak.
The death yak looks as sick as possible!
The death yak is moderately wounded.
The death yak gores you!
* * * LOW HITPOINT WARNING * * *
The death yak gores you but does no damage.
You completely miss the death yak.
The death yak is heavily wounded.
The death yak gores you but does no damage.
The death yak gores you.
* * * LOW HITPOINT WARNING * * *
You hit the death yak.
The death yak is heavily wounded.
The death yak gores you but does no damage. x2
Okay, then.
You hit the death yak.
The death yak looks as sick as possible!
The death yak is severely wounded.
The death yak gores you!
You die...

.###.#.###.#.###.#.###.......#
.....#.....#.....#........####
..........................#
#.........................#
##.##.#########...........#
#.)........[.............#
##############........(..#
#........)..# #.♣.....[...#
#YY<........# #...........#
#...........# #...........#
#.....<.....# #...........#
#...........# #############


You could see 2 death yaks.

Vanquished Creatures
  A tengu warrior (D:9)
  A deep elf pyromancer (D:9)
  A cyclops (D:9)
  A kobold demonologist (D:9)
  2 trolls (D:9)
  3 hornets
  A wyvern (D:9)
  A yak (D:10)
  A steam dragon (D:9)
  Edmund (D:6)
  A water moccasin (D:9)
  2 orc warriors
  An ice beast (D:5)
  5 black bears
  2 ogres
  A sky beast (D:7)
  A wolf (D:9)
  2 centaurs
  2 phantoms
  2 kobold brigands
  4 bullfrogs
  3 scorpions
  17 killer bees
  5 howler monkeys
  2 electric eels (D:9)
  A gnoll bouda (D:9)
  A jelly (D:7)
  4 orc priests
  3 hounds (D:4)
  2 iguanas
  7 orc wizards
  6 adders
  7 gnolls
  6 river rats
  A white imp (D:6)
  3 worms
  17 orcs
  5 bats
  10 endoplasms
  4 giant cockroaches
  8 goblins
  5 hobgoblins
  8 jackals
  6 quokkas
  9 ball pythons
  5 frilled lizards
  22 kobolds
  24 rats
227 creatures vanquished.

Notes
Turn   | Place    | Note
-------+----------+-------------------------------------------
     0 | D:1      | retardedninja the Demonspawn Gladiator began the quest for
                  | the Orb.
     0 | D:1      | Reached XP level 1. HP: 16/16 MP: 1/1
    86 | D:1      | Gained mutation: You are partially covered in sharp spines.
                  | [demonic ancestry]
    86 | D:1      | Reached XP level 2. HP: 16/22 MP: 2/2
  1001 | D:2      | Discovered your monstrous ancestry.
  1001 | D:2      | Gained mutation: You have a pair of small horns on your
                  | head. [demonic ancestry]
  1001 | D:2      | Reached XP level 3. HP: 28/28 MP: 3/3
  1612 | D:3      | Found a glowing drain.
  1645 | D:3      | Gained mutation: You have a small tail. [demonic ancestry]
  1645 | D:3      | Reached XP level 4. HP: 10/34 MP: 1/4
  1741 | Sewer    | Entered a sewer
  2199 | Sewer    | Gained mutation: You have sharp fingernails. [demonic
                  | ancestry]
  2199 | Sewer    | Reached XP level 5. HP: 31/41 MP: 3/5
  2910 | D:3      | Gained mutation: You have a tail ending in a sharp stinger.
                  | [demonic ancestry]
  2910 | D:3      | Reached XP level 6. HP: 21/47 MP: 2/6
  3258 | D:4      | Found a radiant altar of Vehumet.
  3568 | D:4      | Reached XP level 7. HP: 43/54 MP: 5/7
  3725 | D:4      | Found a shadowy altar of Dithmenos.
  3792 | D:4      | Became a worshipper of Dithmenos the Shadowed
  3829 | D:4      | Found an opulent altar of Gozag.
  3875 | D:5      | Entered Level 5 of the Dungeon
  3875 | D:5      | Found a shimmering blue altar of Sif Muna.
  4052 | D:5      | Reached skill level 5 in Maces & Flails
  4144 | D:5      | Reached skill level 5 in Fighting
  4144 | D:5      | Reached XP level 8. HP: 53/62 MP: 5/8
  4257 | D:5      | Reached skill level 5 in Dodging
  4269 | D:5      | Found a burning altar of Makhleb.
  4649 | D:6      | Reached skill level 5 in Throwing
  5399 | D:6      | Noticed Edmund
  5412 | D:6      | Killed Edmund
  5895 | D:6      | Found a staircase to the Ecumenical Temple.
  5944 | Temple   | Entered the Ecumenical Temple
  6233 | D:7      | Found a blossoming altar of Fedhas.
  6261 | D:7      | Gained mutation: You have a pair of horns on your head.
                  | [demonic ancestry]
  6261 | D:7      | Reached XP level 9. HP: 53/69 MP: 7/9
  7039 | D:8      | Found a broken altar of Ashenzari.
  7040 | D:8      | Found a sacrificial altar of Ru.
  7219 | D:8      | Reached * piety under Dithmenos
  7466 | D:8      | Found an ornate altar of the Wu Jian Council.
  7526 | D:8      | Found a stormy altar of Qazlal.
  7576 | D:8      | Found a snail-covered altar of Cheibriados.
  7576 | D:8      | Found a bloodstained altar of Trog.
  8129 | D:8      | Found a basalt altar of Yredelemnul.
  8135 | D:8      | Identified the +1 dagger of the Firefly {spect, Str+3
                  | Dex+2}
  8257 | D:9      | Paralysed by a hornet for 3 turns
  9207 | D:9      | Noticed a cyclops
  9208 | D:9      | Noticed a troll
  9213 | D:9      | Killed a cyclops
  9214 | D:9      | Reached XP level 10. HP: 45/79 MP: 6/10
  9214 | D:9      | Paralysed by a hornet for 1 turns
  9214 | D:9      | Noticed a tengu warrior
  9229 | D:9      | Paralysed by a hornet for 1 turns
  9521 | D:9      | Noticed a soul eater
  9544 | D:9      | HP: 1/80 [tengu warrior/+0 battleaxe (14)]
  9545 | D:9      | Killed a tengu warrior
  9683 | D:9      | Reached ** piety under Dithmenos
  9916 | D:9      | Noticed a deep elf pyromancer
  9925 | D:9      | Killed a deep elf pyromancer
 10666 | D:9      | Upgraded the game from 0.30-a0-760-g5a9884bb7c to
                  | 0.30-a0-777-ga9a30cbeda
 10741 | D:9      | HP: 4/82 [electric eel/bolt of electricity (5)]
 11384 | D:10     | Entered Level 10 of the Dungeon
 11424 | D:10     | Noticed a death yak
 11425 | D:10     | Noticed a death yak
 11592 | D:10     | Noticed a death yak
 11592 | D:10     | Noticed a death yak
 11592 | D:10     | Noticed a death yak
 11601 | D:9      | HP: 6/123 [death yak (13)]
 11604 | D:9      | HP: 2/123 [death yak (4)]
 11607 | D:9      | Mangled by a death yak

Illustrated notes

Levels and vault maps discovered:
D:1:      dpeg_arrival_erosion, layout_rooms
D:2:      layout_rooms
D:3:      layout_rooms, mainiacjoe_overflow_24_doors,
          cheibrodos_sewer_entry_sluice, kennysheep_generic_room_7
D:4:      layout_basic, nicolae_overflow_crystal_walls,
          mainiacjoe_overflow_six_doors_small, mainiacjoe_overflow_tiny_flanked
D:5:      layout_cave_pools, marbit_many_paths, nicolae_sif_muna_condensation
D:6:      layout_basic, minmay_temple_entry_drinking_statues,
          dreamdust_princess_corridor, uniq_edmund, uniq_eustachio, uniq_grinder
D:7:      layout_layer_cave, lemuel_tele_altar
D:8:      layout_basic, nicolae_overflow_hidden_temple,
          chequers_temple_overflow_statue_of_worship,
          mainiacjoe_overflow_cross_hatched,
          mainiacjoe_overflow_large_starburst, jmf_multi_god_temple
D:9:      hangedman_cross_stitches, layout_cross, serial_ice, serial_ice_k,
          serial_ice_h, serial_ice_a, serial_ice_c, minmay_librarian
D:10:     layout_rooms, dpeg_lair_monsters, chequers_serial_rivers_large_a
Temple:   nicolae_temple_bog_church

Skill      XL: |  1  2  3  4  5  6  7  8  9 10 |
---------------+-------------------------------+-----
Throwing       | 2 3 4 5 6 7 |  7.9
Maces & Flails | 3 4 5 6 7 8 |  8.2
Dodging        | 3 4 5 7 8 |  8.2
Fighting       | 3 4 5 6 7 8 |  8.6

Action                     |  1- 3 |  4- 6 |  7- 9 | 10-12 || total
---------------------------+-------+-------+-------+-------++-------
  Melee: Flail             |    88 |   128 |   192 |    84 ||   492
         Headbutt          |     6 |    20 |    38 |    22 ||    86
         Tailslap          |       |    16 |    30 |    14 ||    60
         Punch             |       |       |     4 |     4 ||     8
  Throw: Throwing net      |       |       |     5 |       ||     5
         Javelin           |       |       |     2 |       ||     2
  Evoke: Wand              |       |       |     2 |       ||     2
    Use: Scroll            |     2 |    11 |     9 |     3 ||    25
         Potion            |       |     2 |    10 |    14 ||    26
   Stab: Held in net/web   |       |       |     1 |       ||     1
         Invisible         |       |       |     1 |       ||     1
 Armour: Leather armour    |    17 |       |       |       ||    17
         Ring mail         |    12 |     1 |       |       ||    13
         Plate armour      |       |    88 |   189 |    80 ||   357
         Skin              |       |       |       |     9 ||     9
  Dodge: Dodged            |    66 |    40 |   119 |    35 ||   260

Table legend: (Time is in decaauts)
 A = Elapsed time spent in this place.
 B = Non-inter-level travel time spent in this place.
 C = Inter-level travel time spent in this place.
 D = Time resting spent in this place.
 E = Time spent auto-exploring this place.
 F = Levels seen in this place.
 G = Mean time per level.
                   A        B        C        D        E       F      G
               +--------+--------+--------+--------+--------+-----+--------+
         Total |  11658 |  11315 |    343 |   4793 |   4986 |  12 |  971.5 |
       Dungeon |  10602 |  10278 |    324 |   4479 |   4446 |  10 | 1060.2 |
        Temple |    184 |    165 |     19 |      0 |    158 |   1 |  184.0 |
         Sewer |    871 |    871 |      0 |    314 |    381 |   1 |  871.0 |
               +--------+--------+--------+--------+--------+-----+--------+

Top non-repeatable levels by time:
     D:9: 2306 daAuts
     D:8: 2225 daAuts
     D:6: 1504 daAuts
     D:1: 981 daAuts
     D:3: 967 daAuts
   Sewer: 871 daAuts
     D:7: 807 daAuts
     D:5: 678 daAuts
     D:4: 609 daAuts
     D:2: 497 daAuts
  Temple: 184 daAuts
    D:10: 25 daAuts
